 Dungeon Crawl Stone Soup version 0.32-a0-630-g46d191b0ed (webtiles) character file.

Game seed: 2589867469734658833

161 Alarak the Sneak (level 5, -2/35 (36) HPs)
             Began as an Octopode Shapeshifter on Mar 6, 2024.
             Slain by an orc
             ... wielding a +2 morningstar of draining
              (11 damage)
             ... on level 3 of the Dungeon.
             The game lasted 00:05:41 (1921 turns).

Alarak the Sneak (Octopode Shapeshifter)            Turns: 1921, Time: 00:05:42

HP:   -2/35 (36)    AC:  1    Str: 15    XL:     5   Next: 42%
MP:   5/5           EV: 13    Int: 12    God:
Gold: 72            SH:  0    Dex: 12    Spells: 4/4 levels left

rFire   . .          .
                       - Unarmed
rCold   . . .        (no shield)
rNeg    . . .        (helmet currently unavailable)
rPois   .            (no amulet)
rElec   .            (no ring)
rCorr   .            (no ring)
SInv    .            (no ring)
Will    .....        (no ring)
Stlth   ++++         (no ring)
HPRegen 0.25/turn    (no ring)
MPRegen 0.09/turn    (no ring)
                     (no ring)

%: no passive effects
@: beast-form, lightly drained
A: beast (slay +1), almost no armour, amphibious, 8 rings, camouflage 1,
gelatinous body 1, (nimble swimmer 1), tentacles
a: Begin Untransformation


You were on level 3 of the Dungeon.
You were a hulking beast.
You visited 1 branch of the dungeon, and saw 3 of its levels.

You collected 72 gold pieces.

Inventory:

Missiles
 h - 2 throwing nets (quivered)
Armour
 i - a +0 kite shield
Talismans
 b - a beast talisman (active)
 c - a flux talisman
Scrolls
 g - a scroll of poison {unknown}
 j - a scroll of fear {unknown}
Potions
 a - a potion of lignification
 d - a potion of resistance {unknown}
 e - a potion of haste {unknown}
 f - a potion of brilliance {unknown}
 k - a potion of heal wounds {unknown}


   Skills:
 - Level 3.1 Fighting
 - Level 2.0 Dodging
 - Level 5.0 Stealth
 + Level 3.4 Unarmed Combat
 - Level 3.0 Shapeshifting


You had 4 spell levels left.
You didn't know any spells.
Your spell library contained the following spells:

 Spells                   Type           Power      Damage    Failure   Level
 Summon Small Mammal      Summ           0%         N/A       32%         1
 Call Canine Familiar     Summ           0%         N/A       69%         3
 Summon Blazeheart Golem  Fire/Summ      0%         N/A       97%         4


Dungeon Overview and Level Annotations

Branches:
Dungeon (3/15)

Altars:


Innate Abilities, Weirdness & Mutations

You are a hulking beast.
Your limbs bulge with bestial killing power. (Slay +1)
You cannot wear most types of armour.
You are amphibious.
You can wear up to eight rings at the same time.
Your skin changes colour to match your surroundings (Stealth+).
Your rubbery body absorbs attacks. (AC +1, EV +1)
((You are camouflaged when in or above water. (Stealth+)))
You have tentacles for arms and can constrict up to eight enemies at once.


Message History

There is an open door here.
There is an open door here.
There is a stone staircase leading down here.
You climb downwards.
There is a stone staircase leading up here.
There are monsters nearby!
The helpless orc fails to defend itself.
You tentacle-slap the orc but do no damage.
Your grab misses the orc. You squeeze the orc!
You kill the orc!
The orc shouts! x5
The orc closely misses you.
The orc shouts! x3; You hear a shout!
Things that are here:
a +0 club; a +0 ring mail; an orc corpse You tentacle-slap the orc.
Your grab misses the orc.
The orc is lightly wounded.
The orc closely misses you. The orc hits you with a +0 short sword.
The orc barely misses you.
You tentacle-slap the orc. You grab the orc. You squeeze the orc.
You kill the orc!
The orc hits you with a +2 morningstar of draining!
You feel drained. The orc closely misses you.
Your life force feels restored.
You tentacle-slap the orc but do no damage.
You grab the orc. You constrict the orc.
The orc hits you with a +0 morningstar. The orc hits you with a +0 short sword.
The orc hits you with a +2 morningstar of draining.
* * * LOW HITPOINT WARNING * * *
You feel drained.
You tentacle-slap the orc.
You kill the orc!
The orc closely misses you. The orc barely misses you.
You tentacle-slap the orc. You grab the orc. You tentacle-slap the orc.
The orc is severely wounded.
You constrict the orc.
You kill the orc!
The orc closely misses you.
The orc hits you with a +2 morningstar of draining!
You die...

### ..
..
#.##
#...
#..#
#..#
#oh#
#oo#
#..#
...o#
####.#
#o#
#.#
...
#.#


You could see 5 orcs.

Vanquished Creatures
  Natasha (thrice) (D:2)
  A gnoll (D:1)
  An adder (D:2)
  2 dart slugs (D:2)
  2 ribbon worms (D:2)
  4 orcs (D:3)
  3 endoplasms
  4 giant cockroaches
  A goblin (D:1)
  3 hobgoblins
  9 jackals
  5 kobolds
  4 quokkas
  3 ball pythons (D:2)
  4 bats
  2 frilled lizards (D:1)
  6 rats
57 creatures vanquished.

Notes
Turn   | Place    | Note
-------+----------+-------------------------------------------
     0 | D:1      | Alarak the Octopode Shapeshifter began the quest for the
                  | Orb.
     0 | D:1      | Reached XP level 1. HP: 13/13 MP: 1/1
   160 | D:1      | Reached XP level 2. HP: 19/19 MP: 2/2
   440 | D:1      | Reached XP level 3. HP: 6/26 MP: 3/3
   587 | D:1      | Reached skill level 1 in Stealth
   930 | D:2      | Reached skill level 2 in Stealth
  1008 | D:2      | Reached XP level 4. HP: 31/31 MP: 4/4
  1177 | D:2      | Noticed Natasha
  1201 | D:2      | Killed Natasha
  1202 | D:2      | Reached skill level 3 in Stealth
  1237 | D:2      | Noticed Natasha
  1247 | D:2      | Killed Natasha
  1248 | D:2      | Reached skill level 4 in Stealth
  1332 | D:2      | Reached XP level 5. HP: 36/36 MP: 5/5
  1508 | D:2      | Reached skill level 5 in Stealth
  1869 | D:2      | Noticed Natasha
  1878 | D:2      | Killed Natasha
  1921 | D:3      | Slain by an orc

Illustrated notes

Levels and vault maps discovered:
D:1:      minmay_arrival_four_houses, layout_basic
D:2:      layout_basic, uniq_natasha
D:3:      layout_loops_ring, nicolae_concentric_dashed_squares_mild

Skill      XL: |  1  2  3  4  5 |
---------------+----------------+-----
Fighting       | 2 3 |  3.1
Stealth        | 2 4 5 |  5.0
Dodging        | |  2.0
Unarmed Combat | |  3.4
Shapeshifting  | |  3.0

Action                     |  1- 3 |  4- 6 || total
---------------------------+-------+-------++-------
  Melee: Unarmed           |    55 |    46 ||   101
         Constrict         |    19 |    15 ||    34
         Tentacles         |    10 |    12 ||    22
         Punch             |     1 |     3 ||     4
    Use: Scroll            |     1 |       ||     1
   Stab: Sleeping          |     3 |     5 ||     8
 Armour: Skin              |    14 |    18 ||    32
  Dodge: Dodged            |    27 |    25 ||    52

Table legend: (Time is in decaauts)
 A = Elapsed time spent in this place.
 B = Non-inter-level travel time spent in this place.
 C = Inter-level travel time spent in this place.
 D = Time resting spent in this place.
 E = Time spent auto-exploring this place.
 F = Levels seen in this place.
 G = Mean time per level.
                   A        B        C        D        E       F      G
               +--------+--------+--------+--------+--------+-----+--------+
         Total |   1914 |   1646 |    268 |    273 |   1078 |   3 |  638.0 |
       Dungeon |   1914 |   1646 |    268 |    273 |   1078 |   3 |  638.0 |
               +--------+--------+--------+--------+--------+-----+--------+

Top non-repeatable levels by time:
     D:2: 986 daAuts
     D:1: 921 daAuts
     D:3: 6 daAuts
